Wolves vs Rampage
Created - July 15, 2022 at 19:01
Goals
|
| Wolves |
0 |
1 |
1 |
1 |
3 |
| Rampage |
0 |
1 |
1 |
0 |
2 |
|
Shots
|
| Wolves |
9 |
15 |
6 |
3 |
33 |
| Rampage |
17 |
7 |
10 |
2 |
36 |
|
1st period
No Goal
Penalties :
Jalen Chatfield (Chi) for Hooking (Minor) at 5:38
2nd period
1. Rampage , Rourke Chartier 2 (Kevan Miller 2, Nick Schmaltz 4) at 6:30
2. Wolves , Kyle Rau 3 (Joe Morrow 6, Alexandre Grenier 4) at 6:55
Penalties :
Charlie McAvoy (San) for Interference (Minor) at 8:34, Lawson Crouse (Chi) for High sticking (Minor) at 19:15
3rd period
3. Rampage , Steve Regier 5 (Travis Sanheim 3, Ethan Bear 3) at 8:57
4. Wolves , Alexandre Grenier 3 (Kyle Rau 6) at 9:05
Penalties :
Kevan Miller (San) for Hooking (Minor) at 5:44, Jeffrey Foss (Chi) for Interference (Minor) at 10:26, Lawson Crouse (Chi) for Tripping (Minor) at 13:46, Wade Allison (Chi) for Hooking (Minor) at 17:14
Overtime #1
5. Wolves , Thomas Spelling 3 (Jake Evans 3) at 3:35
Penalties :
Jalen Chatfield (Chi) for Tripping (Minor) at 1:16
Goalie Stats
Laurent Brossoit (Chi), 34 saves from 36 shots - (0.944), W, 3-1-1, 63:35 minutes
Joni Ortio (San), 30 saves from 33 shots - (0.909), OTL, 3-1-1, 63:35 minutes
Players Stats for Wolves
Player Name G A P +/- PIM S H SB GA TA FO MP PP MP PK MP
------------------------------------------------------------------------------------
Alexandre Grenier 1 1 2 0 0 5 0 0 0 1 6/10 25:08 1:55 5:56
Anton Lindholm 0 0 0 -2 0 0 1 1 0 0 0/0 20:21 1:53 5:16
Antti Suomela 0 0 0 0 0 2 1 0 0 0 1/4 8:41 0:00 0:40
Dylan Coghlan 0 0 0 1 0 0 0 0 0 0 0/0 6:30 0:00 0:00
Eric Robinson 0 0 0 0 0 0 0 0 1 0 1/1 16:12 2:00 2:12
Fredrik Olofsson 0 0 0 1 0 0 1 0 0 0 0/0 10:26 0:00 0:35
Jake Evans 0 1 1 1 0 1 2 1 0 2 1/3 9:50 0:00 0:00
Jakub Zboril 0 0 0 0 0 0 1 1 0 0 0/0 11:04 0:00 0:55
Jalen Chatfield 0 0 0 0 4 0 0 0 0 0 0/0 10:04 0:00 0:00
Jeff Petry 0 0 0 -2 0 1 0 1 0 3 0/0 20:21 1:53 5:16
Jeffrey Foss 0 0 0 2 2 1 1 0 0 1 0/0 25:40 2:05 5:43
Joe Morrow 0 1 1 2 0 1 0 1 0 1 0/0 26:32 2:05 6:34
Kale Clague 0 0 0 1 0 0 0 0 0 0 0/0 7:05 0:00 0:04
Kevin Stenlund 0 0 0 0 0 0 0 0 0 0 0/1 3:21 0:00 2:54
Kieffer Bellows 0 0 0 0 0 0 0 0 0 0 0/0 8:01 0:00 0:00
Kyle Rau 1 1 2 0 0 6 2 0 2 0 14/23 25:08 1:55 5:56
Lawson Crouse 0 0 0 0 4 2 3 1 1 0 1/3 21:07 1:52 2:03
Liam O'Brien 0 0 0 0 0 0 0 0 0 0 0/0 0:27 0:03 0:00
Matthew Highmore 0 0 0 0 0 0 0 0 0 0 0/0 0:30 0:06 0:00
Sebastian Aho 0 0 0 0 0 6 2 0 1 1 5/13 17:22 2:00 3:32
Thomas Spelling 1 0 1 1 0 6 1 0 0 0 1/1 10:03 0:03 0:00
Victor Olofsson 0 0 0 0 0 2 0 0 0 0 1/1 13:50 2:00 0:00
Wade Allison 0 0 0 0 2 0 1 0 0 0 0/0 8:12 0:00 0:00
Zachary Senyshyn 0 0 0 0 0 0 0 0 0 0 0/0 0:00 0:00 0:00
Players Stats for Rampage
Player Name G A P +/- PIM S H SB GA TA FO MP PP MP PK MP
------------------------------------------------------------------------------------
Adam Clendening 0 0 0 -1 0 0 2 1 0 0 0/0 16:33 0:23 2:36
Anthony Richard 0 0 0 -1 0 0 0 0 0 0 3/5 7:22 0:00 0:00
Charlie McAvoy 0 0 0 1 2 0 0 0 0 0 0/0 14:20 0:22 0:00
Collin Miller 0 0 0 -1 0 4 1 1 0 0 0/0 21:00 4:45 2:36
Dominik Simon 0 0 0 0 0 3 1 0 0 0 0/0 12:09 0:22 0:48
Dylan Sikura 0 0 0 -1 0 1 1 0 0 0 1/1 11:12 0:19 1:23
Ethan Bear 0 1 1 -1 0 1 1 4 1 0 0/0 28:57 6:46 1:22
Jean-Sebastien Dea 0 0 0 0 0 2 1 1 1 1 2/4 15:24 6:06 0:00
Jordan Greenway 0 0 0 0 0 1 3 0 0 0 0/0 9:21 0:19 0:51
Jordan Kyrou 0 0 0 -1 0 3 2 0 1 0 0/0 12:46 0:00 0:00
Kevan Miller 0 1 1 1 2 2 2 1 0 2 0/0 18:17 4:45 0:00
Nick Schmaltz 0 1 1 1 0 2 1 0 0 1 1/2 21:41 5:29 0:00
Petr Straka 0 0 0 0 0 4 0 1 3 0 0/0 15:21 6:06 0:00
Rourke Chartier 1 0 1 0 0 3 2 1 0 1 14/26 24:01 5:29 1:23
Ryan Lomberg 0 0 0 -1 0 1 2 0 0 0 0/1 18:35 6:03 0:00
Steve Regier 1 0 1 1 0 4 5 0 1 0 2/6 23:25 5:29 1:44
T.J. Tynan 0 0 0 -1 0 2 2 0 0 0 6/15 14:33 0:00 1:47
Travis Sanheim 0 1 1 -1 0 3 1 1 2 0 0/0 28:58 6:47 1:22
Trent Frederic 0 0 0 0 0 0 0 0 0 0 0/0 0:00 0:00 0:00
3 Stars
1 - Kyle Rau (Chi)
2 - Steve Regier (San)
3 - Laurent Brossoit (Chi)
Power Play
Wolves - 0 on 2 Attempt(s) - 0.00%
Rampage - 0 on 6 Attempt(s) - 0.00%
Penalty Kill
Wolves - 6 on 6 Attempt(s) - 100.00%
- Score 0 goal in Penalty Kill
Rampage - 2 on 2 Attempt(s) - 100.00%
- Score 0 goal in Penalty Kill
Team Stat
Wolves - Hits : 16 - Faceoff Wins : 31 - Blocked Shots : 6 - Penalty Minutes : 12
Rampage - Hits : 27 - Faceoff Wins : 29 - Blocked Shots : 11 - Penalty Minutes : 4
Official
Referees : TJ Luxmore and Eric Furlatt
Linesman : Ryan Gibbons and Vaughan Rody
Game Notes
No Game Note
Finance
Level 1 -- Attendance: 2000 (100.00%) -- Ticket Income $70,000
Level 2 -- Attendance: 1000 (100.00%) -- Ticket Income $15,000
Total Attendance: 3000 (100.00%)
Total Ticket Income: $85,000
Other Income: $4,250
Total Income: $89,250
Wolves
5 vs 5 Forward
Center Left Wing Right Wing Time % Phy DF OF
1 Kyle Rau Lawson Crouse Alexandre Grenier 40 1 2 2
2 Sebastian Aho Eric Robinson Victor Olofsson 30 1 2 2
3 Jake Evans Fredrik Olofsson Thomas Spelling 20 1 2 2
4 Antti Suomela Kieffer Bellows Wade Allison 10 1 2 2
5 vs 5 Defense
Defense Defense Time % Phy DF OF
1 Joe Morrow Jeffrey Foss 40 1 2 2
2 Anton Lindholm Jeff Petry 30 1 2 2
3 Jalen Chatfield Jakub Zboril 20 1 2 2
4 Kale Clague Dylan Coghlan 10 1 2 2
PowerPlay Forward
Center Left Wing Right Wing Time % Phy DF OF
1 Kyle Rau Lawson Crouse Alexandre Grenier 60 1 2 2
2 Sebastian Aho Eric Robinson Victor Olofsson 40 1 2 2
PowerPlay Defense
Defense Defense Time % Phy DF OF
1 Joe Morrow Jeffrey Foss 60 1 2 2
2 Anton Lindholm Jeff Petry 40 1 2 2
Penalty Kill 4 Players Forward
Center Wing Time % Phy DF OF
1 Alexandre Grenier Kyle Rau 60 1 2 2
2 Sebastian Aho Lawson Crouse 40 1 2 2
Penalty Kill 4 Players Defense
Defense Defense Time % Phy DF OF
1 Joe Morrow Jeffrey Foss 60 1 2 2
2 Anton Lindholm Jeff Petry 40 1 2 2
Penalty Kill - 3 Players Forward
Forward Time % Phy DF OF
1 Alexandre Grenier 60 1 2 2
2 Kyle Rau 40 1 2 2
Penalty Kill - 3 Players Defense
Defense Defense Time % Phy DF OF
1 Joe Morrow Jeffrey Foss 60 1 2 2
2 Anton Lindholm Jeff Petry 40 1 2 2
4 vs 4 Forward
Center Wing Time % Phy DF OF
1 Alexandre Grenier Kyle Rau 60 1 2 2
2 Sebastian Aho Lawson Crouse 40 1 2 2
4 vs 4 Defense
Defense Defense Time % Phy DF OF
1 Joe Morrow Jeffrey Foss 60 1 2 2
2 Anton Lindholm Jeff Petry 40 1 2 2
Last Minutes Offensive
Center Left Wing Right Wing Defense Defense
Kyle Rau Lawson Crouse Alexandre Grenier Joe Morrow Jeffrey Foss
Last Minutes Defensive
Center Left Wing Right Wing Defense Defense
Kyle Rau Lawson Crouse Alexandre Grenier Joe Morrow Jeffrey Foss
Goaltenders
Starting : Laurent Brossoit
Backup : Ebbe Siönäs
Extra Forwards
Normal : Matthew Highmore, Liam O'Brien, Kevin Stenlund - PP : Matthew Highmore, Liam O'Brien - PK : Kevin Stenlund
Extra Defensemen
Normal : Jalen Chatfield, Jakub Zboril, Kale Clague - PP : Jalen Chatfield - PK : Jakub Zboril, Kale Clague
Penalty Shots
Alexandre Grenier, Kyle Rau, Sebastian Aho, Lawson Crouse, Victor Olofsson
Scratches
Samuel Girard (Fractured Orbital Bone Injury), Joona Koppanen (Healthy), Sergei Kostenko (Healthy)
Rampage
5 vs 5 Forward
Center Left Wing Right Wing Time % Phy DF OF
1 Rourke Chartier Steve Regier Nick Schmaltz 40 1 2 2
2 T.J. Tynan Ryan Lomberg Jordan Kyrou 30 1 2 2
3 Jean-Sebastien Dea Dominik Simon Petr Straka 20 1 2 2
4 Anthony Richard Jordan Greenway Dylan Sikura 10 1 2 2
5 vs 5 Defense
Defense Defense Time % Phy DF OF
1 Ethan Bear Travis Sanheim 40 1 2 2
2 Adam Clendening Collin Miller 30 1 2 2
3 Kevan Miller Charlie McAvoy 20 1 2 2
4 Kevan Miller Charlie McAvoy 10 1 2 2
PowerPlay Forward
Center Left Wing Right Wing Time % Phy DF OF
1 Rourke Chartier Steve Regier Nick Schmaltz 60 1 2 2
2 Jean-Sebastien Dea Ryan Lomberg Petr Straka 40 1 2 2
PowerPlay Defense
Defense Defense Time % Phy DF OF
1 Ethan Bear Travis Sanheim 60 1 2 2
2 Kevan Miller Collin Miller 40 1 2 2
Penalty Kill 4 Players Forward
Center Wing Time % Phy DF OF
1 T.J. Tynan Steve Regier 60 1 2 2
2 Rourke Chartier Dylan Sikura 40 1 2 2
Penalty Kill 4 Players Defense
Defense Defense Time % Phy DF OF
1 Adam Clendening Collin Miller 60 1 2 2
2 Travis Sanheim Ethan Bear 40 1 2 2
Penalty Kill - 3 Players Forward
Forward Time % Phy DF OF
1 T.J. Tynan 60 1 2 2
2 Jean-Sebastien Dea 40 1 2 2
Penalty Kill - 3 Players Defense
Defense Defense Time % Phy DF OF
1 Adam Clendening Travis Sanheim 60 1 2 2
2 Collin Miller Ethan Bear 40 1 2 2
4 vs 4 Forward
Center Wing Time % Phy DF OF
1 Jean-Sebastien Dea Dylan Sikura 60 1 2 2
2 T.J. Tynan Ryan Lomberg 40 1 2 2
4 vs 4 Defense
Defense Defense Time % Phy DF OF
1 Charlie McAvoy Travis Sanheim 60 1 2 2
2 Collin Miller Kevan Miller 40 1 2 2
Last Minutes Offensive
Center Left Wing Right Wing Defense Defense
Rourke Chartier Ryan Lomberg Nick Schmaltz Ethan Bear Travis Sanheim
Last Minutes Defensive
Center Left Wing Right Wing Defense Defense
T.J. Tynan Steve Regier Dylan Sikura Adam Clendening Collin Miller
Goaltenders
Starting : Joni Ortio
Backup : Brandon Halverson
Extra Forwards
Normal : Dominik Simon, Jean-Sebastien Dea, Jordan Greenway - PP : Dominik Simon, Jean-Sebastien Dea - PK : Jordan Greenway
Extra Defensemen
Normal : Ethan Bear, Kevan Miller, Collin Miller - PP : Ethan Bear - PK : Kevan Miller, Collin Miller
Penalty Shots
Jordan Kyrou, Rourke Chartier, Dylan Sikura, Jean-Sebastien Dea, Nick Schmaltz
Scratches
Artturi Lehkonen (Healthy), Jeremy Bracco (Healthy), Roland McKeown (Left Wrist Injury), Eamon McAdam (Healthy), Emil Larmi (Healthy)
% Time on Ice - Wolves
Lines # - Real PCT - Wanted PCT - Time Play
Normal Forward
1 - 38% - 40% - 18:02
2 - 25% - 30% - 11:50
3 - 21% - 20% - 9:50
4 - 17% - 10% - 8:01
Normal Defense
1 - 39% - 40% - 18:24
2 - 28% - 30% - 13:12
3 - 20% - 20% - 9:37
4 - 14% - 10% - 6:30
PP Forward
1 - 50% - 60% - 1:58
2 - 50% - 40% - 2:00
PP Defense
1 - 53% - 60% - 2:05
2 - 47% - 40% - 1:53
PK Forward
1 - 70% - 60% - 8:22
2 - 30% - 40% - 3:32
PK Defense
1 - 56% - 60% - 6:38
2 - 44% - 40% - 5:16
PK3 Forward
1 - 0% - 60%
2 - 0% - 40%
PK3 Defense
1 - 0% - 60%
2 - 0% - 40%
44 Forward
1 - 0% - 60%
2 - 0% - 40%
44 Defense
1 - 0% - 60%
2 - 0% - 40%
Last Minute Offensive - 0:00
Last Minute Defensive - 0:00
Total
Forward - 63:35
Defense - 63:35
|
% Time on Ice - Rampage
Lines # - Real PCT - Wanted PCT - Time Play
Normal Forward
1 - 35% - 40% - 16:37
2 - 31% - 30% - 15:00
3 - 19% - 20% - 8:55
4 - 15% - 10% - 7:11
Normal Defense
1 - 42% - 40% - 19:53
2 - 30% - 30% - 14:15
3 - 20% - 20% - 9:29
4 - 9% - 10% - 4:06
PP Forward
1 - 49% - 60% - 5:48
2 - 51% - 40% - 6:06
PP Defense
1 - 60% - 60% - 7:09
2 - 40% - 40% - 4:45
PK Forward
1 - 65% - 60% - 2:35
2 - 35% - 40% - 1:23
PK Defense
1 - 66% - 60% - 2:36
2 - 34% - 40% - 1:22
PK3 Forward
1 - 0% - 60%
2 - 0% - 40%
PK3 Defense
1 - 0% - 60%
2 - 0% - 40%
44 Forward
1 - 0% - 60%
2 - 0% - 40%
44 Defense
1 - 0% - 60%
2 - 0% - 40%
Last Minute Offensive - 0:00
Last Minute Defensive - 0:00
Total
Forward - 63:35
Defense - 63:35
|
Play-by-Play
1st period
0:01 of 1st period - Rourke Chartier wins face-off versus Kyle Rau in neutral zone.
0:35 of 1st period - Slapshot by Collin Miller.
0:35 of 1st period - Stopped by Laurent Brossoit with a rebound.
1:19 of 1st period - Snap shot by Antti Suomela.
1:19 of 1st period - Stopped by Joni Ortio with a rebound.
1:35 of 1st period - Wrist shot by Kyle Rau.
1:35 of 1st period - Deflect By Alexandre Grenier.
1:35 of 1st period - Stopped by Joni Ortio without a rebound.
1:36 of 1st period - T.J. Tynan wins face-off versus Sebastian Aho in Rampage zone.
1:51 of 1st period - Snap shot by T.J. Tynan.
1:51 of 1st period - Deflect By Kale Clague.
1:51 of 1st period - Shot Misses the Net.
1:51 of 1st period - Puck is out of play.
1:52 of 1st period - Kyle Rau wins face-off versus Steve Regier in Wolves zone.
2:21 of 1st period - Off-side.
2:22 of 1st period - Sebastian Aho wins face-off versus Jean-Sebastien Dea in neutral zone.
2:35 of 1st period - Snap shot by Dominik Simon.
2:35 of 1st period - Stopped by Laurent Brossoit with a rebound.
2:37 of 1st period - Slapshot by Jean-Sebastien Dea.
2:37 of 1st period - Shot Blocked by Joe Morrow.
2:39 of 1st period - Slapshot by Travis Sanheim.
2:39 of 1st period - Stopped by Laurent Brossoit with a rebound.
3:32 of 1st period - Off-side.
3:33 of 1st period - Dylan Sikura wins face-off versus Antti Suomela in neutral zone.
3:36 of 1st period - Backhand shot by Jordan Greenway.
3:36 of 1st period - Stopped by Laurent Brossoit without a rebound.
3:37 of 1st period - Rourke Chartier wins face-off versus Kyle Rau in Wolves zone.
4:02 of 1st period - Victor Olofsson is hit by Collin Miller and loses puck.
4:31 of 1st period - Snap shot by Thomas Spelling.
4:31 of 1st period - Stopped by Joni Ortio without a rebound.
4:32 of 1st period - Kyle Rau wins face-off versus Rourke Chartier in Rampage zone.
4:35 of 1st period - Snap shot by Lawson Crouse.
4:35 of 1st period - Shot Blocked by Travis Sanheim.
4:47 of 1st period - Snap shot by Kyle Rau.
4:47 of 1st period - Shot Misses the Net.
5:03 of 1st period - Off-side.
5:04 of 1st period - Sebastian Aho wins face-off versus T.J. Tynan in neutral zone.
5:38 of 1st period - Minor Penalty to Jalen Chatfield for Hooking.
5:39 of 1st period - Alexandre Grenier wins face-off versus Rourke Chartier in Wolves zone.
6:07 of 1st period - Wrist shot by Jean-Sebastien Dea.
6:07 of 1st period - Stopped by Laurent Brossoit with a rebound.
6:09 of 1st period - Wrist shot by Ethan Bear.
6:09 of 1st period - Deflect By Petr Straka.
6:09 of 1st period - Stopped by Laurent Brossoit with a rebound.
6:11 of 1st period - Snap shot by Ethan Bear.
6:11 of 1st period - Shot Misses the Net.
6:39 of 1st period - Nick Schmaltz is hit by Jeffrey Foss.
7:38 of 1st period - Penalty to Jalen Chatfield is over, Jalen Chatfield is back on ice.
7:43 of 1st period - Alexandre Grenier is hit by Jordan Greenway and loses puck.
8:08 of 1st period - Slapshot by Thomas Spelling.
8:08 of 1st period - Stopped by Joni Ortio without a rebound.
8:09 of 1st period - T.J. Tynan wins face-off versus Jake Evans in Rampage zone.
8:24 of 1st period - Travis Sanheim is hit by Sebastian Aho and loses puck.
8:53 of 1st period - Backhand shot by Jean-Sebastien Dea.
8:53 of 1st period - Stopped by Laurent Brossoit with a rebound.
8:58 of 1st period - Off-side.
8:59 of 1st period - Rourke Chartier wins face-off versus Sebastian Aho in neutral zone.
9:21 of 1st period - Icing by Charlie McAvoy.
9:22 of 1st period - T.J. Tynan wins face-off versus Kyle Rau in Rampage zone.
9:33 of 1st period - Wrist shot by Jordan Kyrou.
9:33 of 1st period - Stopped by Laurent Brossoit with a rebound.
9:35 of 1st period - Slapshot by Ryan Lomberg.
9:35 of 1st period - Deflect By T.J. Tynan.
9:35 of 1st period - Stopped by Laurent Brossoit without a rebound.
9:36 of 1st period - Rourke Chartier wins face-off versus Kyle Rau in Wolves zone.
10:41 of 1st period - Kevan Miller is hit by Lawson Crouse and loses puck.
11:06 of 1st period - Snap shot by Nick Schmaltz.
11:06 of 1st period - Shot Misses the Net.
11:08 of 1st period - Snap shot by Steve Regier.
11:08 of 1st period - Stopped by Laurent Brossoit without a rebound.
11:09 of 1st period - Rourke Chartier wins face-off versus Sebastian Aho in Wolves zone.
11:57 of 1st period - Slapshot by Travis Sanheim.
11:57 of 1st period - Shot Blocked by Jake Evans.
12:23 of 1st period - Wrist shot by Dominik Simon.
12:23 of 1st period - Stopped by Laurent Brossoit without a rebound.
12:24 of 1st period - Kyle Rau wins face-off versus Rourke Chartier in Wolves zone.
12:24 of 1st period - Kyle Rau is hit by Rourke Chartier.
12:40 of 1st period - Wrist shot by Kyle Rau.
12:40 of 1st period - Stopped by Joni Ortio with a rebound.
12:55 of 1st period - T.J. Tynan is hit by Anton Lindholm and loses puck.
13:16 of 1st period - Wrist shot by Petr Straka.
13:16 of 1st period - Stopped by Laurent Brossoit with a rebound.
13:20 of 1st period - Snap shot by Jean-Sebastien Dea.
13:20 of 1st period - Shot Misses the Net.
13:22 of 1st period - Slapshot by Collin Miller.
13:22 of 1st period - Shot Misses the Net.
13:24 of 1st period - Snap shot by Jean-Sebastien Dea.
13:24 of 1st period - Deflect By Petr Straka.
13:24 of 1st period - Shot Misses the Net.
13:24 of 1st period - Puck is out of play.
13:25 of 1st period - Rourke Chartier wins face-off versus Alexandre Grenier in Wolves zone.
13:28 of 1st period - Backhand shot by Steve Regier.
13:28 of 1st period - Shot Misses the Net.
13:38 of 1st period - Snap shot by Lawson Crouse.
13:38 of 1st period - Shot Blocked by Rourke Chartier.
13:40 of 1st period - Slapshot by Jeffrey Foss.
13:40 of 1st period - Shot Misses the Net.
14:59 of 1st period - Snap shot by Rourke Chartier.
14:59 of 1st period - Shot Misses the Net.
15:01 of 1st period - Snap shot by Nick Schmaltz.
15:01 of 1st period - Stopped by Laurent Brossoit without a rebound.
15:02 of 1st period - Steve Regier wins face-off versus Sebastian Aho in Wolves zone.
15:31 of 1st period - Snap shot by Kyle Rau.
15:31 of 1st period - Shot Misses the Net.
15:35 of 1st period - Snap shot by Alexandre Grenier.
15:35 of 1st period - Stopped by Joni Ortio without a rebound.
15:36 of 1st period - Kyle Rau wins face-off versus T.J. Tynan in Rampage zone.
15:41 of 1st period - Snap shot by Kyle Rau.
15:41 of 1st period - Stopped by Joni Ortio with a rebound.
15:43 of 1st period - Wrist shot by Kyle Rau.
15:43 of 1st period - Shot Misses the Net.
15:45 of 1st period - Wrist shot by Lawson Crouse.
15:45 of 1st period - Shot Misses the Net.
15:47 of 1st period - Snap shot by Lawson Crouse.
15:47 of 1st period - Deflect By Alexandre Grenier.
15:47 of 1st period - Shot Misses the Net.
15:47 of 1st period - Puck is out of play.
15:48 of 1st period - Lawson Crouse wins face-off versus Rourke Chartier in Rampage zone.
16:14 of 1st period - Jeffrey Foss is hit by T.J. Tynan and loses puck.
16:21 of 1st period - Snap shot by Victor Olofsson.
16:21 of 1st period - Deflect By Sebastian Aho.
16:21 of 1st period - Stopped by Joni Ortio without a rebound.
16:22 of 1st period - Jake Evans wins face-off versus Nick Schmaltz in Rampage zone.
17:11 of 1st period - Slapshot by Petr Straka.
17:11 of 1st period - Shot Misses the Net.
17:13 of 1st period - Slapshot by Petr Straka.
17:13 of 1st period - Shot Blocked by Lawson Crouse.
17:33 of 1st period - Dylan Sikura is hit by Wade Allison and loses puck.
17:38 of 1st period - Wrist shot by Antti Suomela.
17:38 of 1st period - Shot Misses the Net.
17:40 of 1st period - Snap shot by Jalen Chatfield.
17:40 of 1st period - Shot Blocked by Collin Miller.
18:15 of 1st period - Wrist shot by Alexandre Grenier.
18:15 of 1st period - Stopped by Joni Ortio without a rebound.
18:16 of 1st period - Kyle Rau wins face-off versus T.J. Tynan in Rampage zone.
18:25 of 1st period - Snap shot by Jordan Kyrou.
18:25 of 1st period - Stopped by Laurent Brossoit without a rebound.
18:26 of 1st period - Kyle Rau wins face-off versus T.J. Tynan in Wolves zone.
18:43 of 1st period - Wrist shot by T.J. Tynan.
18:43 of 1st period - Shot Misses the Net.
18:45 of 1st period - Snap shot by Ryan Lomberg.
18:45 of 1st period - Stopped by Laurent Brossoit with a rebound.
19:25 of 1st period - Snap shot by Ryan Lomberg.
19:25 of 1st period - Shot Misses the Net.
19:27 of 1st period - Wrist shot by T.J. Tynan.
19:27 of 1st period - Stopped by Laurent Brossoit with a rebound.
19:29 of 1st period - Backhand shot by Ethan Bear.
19:29 of 1st period - Stopped by Laurent Brossoit without a rebound.
19:30 of 1st period - Rourke Chartier wins face-off versus Sebastian Aho in Wolves zone.
Goals for this period are 0 for Wolves vs 0 for Rampage.
Shots for this period are 9 for Wolves vs 17 for Rampage.
2nd period
0:01 of 2nd period - Sebastian Aho wins face-off versus Rourke Chartier in neutral zone.
0:04 of 2nd period - Kevan Miller is hit by Sebastian Aho and loses puck.
0:27 of 2nd period - Lawson Crouse is hit by Kevan Miller and loses puck.
0:50 of 2nd period - Snap shot by Thomas Spelling.
0:50 of 2nd period - Stopped by Joni Ortio with a rebound.
1:12 of 2nd period - Snap shot by Antti Suomela.
1:12 of 2nd period - Stopped by Joni Ortio without a rebound.
1:13 of 2nd period - Anthony Richard wins face-off versus Antti Suomela in Rampage zone.
1:18 of 2nd period - Travis Sanheim is hit by Antti Suomela and loses puck.
1:27 of 2nd period - Snap shot by Travis Sanheim.
1:27 of 2nd period - Stopped by Laurent Brossoit without a rebound.
1:28 of 2nd period - Rourke Chartier wins face-off versus Kyle Rau in Wolves zone.
3:41 of 2nd period - Icing by Dylan Sikura.
3:42 of 2nd period - Anthony Richard wins face-off versus Antti Suomela in Rampage zone.
5:22 of 2nd period - Snap shot by T.J. Tynan.
5:22 of 2nd period - Shot Misses the Net.
5:32 of 2nd period - Wrist shot by Sebastian Aho.
5:32 of 2nd period - Stopped by Joni Ortio with a rebound.
5:34 of 2nd period - Snap shot by Dylan Coghlan.
5:34 of 2nd period - Shot Blocked by Ethan Bear.
5:36 of 2nd period - Slapshot by Sebastian Aho.
5:36 of 2nd period - Shot Blocked by Ethan Bear.
5:38 of 2nd period - Wrist shot by Victor Olofsson.
5:38 of 2nd period - Stopped by Joni Ortio with a rebound.
6:01 of 2nd period - Snap shot by Alexandre Grenier.
6:01 of 2nd period - Shot Misses the Net.
6:03 of 2nd period - Wrist shot by Lawson Crouse.
6:03 of 2nd period - Stopped by Joni Ortio without a rebound.
6:04 of 2nd period - Sebastian Aho wins face-off versus T.J. Tynan in Rampage zone.
6:07 of 2nd period - Wrist shot by Sebastian Aho.
6:07 of 2nd period - Stopped by Joni Ortio without a rebound.
6:08 of 2nd period - T.J. Tynan wins face-off versus Sebastian Aho in Rampage zone.
6:16 of 2nd period - Off-side.
6:17 of 2nd period - Nick Schmaltz wins face-off versus Kyle Rau in neutral zone.
6:26 of 2nd period - Snap shot by Nick Schmaltz.
6:26 of 2nd period - Shot Misses the Net.
6:28 of 2nd period - Slapshot by Kevan Miller.
6:28 of 2nd period - Deflect By Lawson Crouse.
6:28 of 2nd period - Stopped by Laurent Brossoit with a rebound.
6:30 of 2nd period - Backhand shot by Rourke Chartier.
6:30 of 2nd period - Goal by Rourke Chartier - Wolves : 0 - Rampage : 1.
6:31 of 2nd period - Kyle Rau wins face-off versus Rourke Chartier in neutral zone.
6:40 of 2nd period - Backhand shot by Kyle Rau.
6:40 of 2nd period - Deflect By Alexandre Grenier.
6:40 of 2nd period - Shot Blocked by Ethan Bear.
6:40 of 2nd period - Puck is out of play.
6:41 of 2nd period - Rourke Chartier wins face-off versus Kyle Rau in Rampage zone.
6:55 of 2nd period - Snap shot by Kyle Rau.
6:55 of 2nd period - Goal by Kyle Rau - Wolves : 1 - Rampage : 1.
6:56 of 2nd period - Rourke Chartier wins face-off versus Lawson Crouse in neutral zone.
6:59 of 2nd period - Alexandre Grenier is hit by Steve Regier and loses puck.
7:22 of 2nd period - Victor Olofsson is hit by Ryan Lomberg and loses puck.
7:29 of 2nd period - Backhand shot by Jordan Kyrou.
7:29 of 2nd period - Stopped by Laurent Brossoit without a rebound.
7:30 of 2nd period - Thomas Spelling wins face-off versus T.J. Tynan in Wolves zone.
7:41 of 2nd period - Wrist shot by Thomas Spelling.
7:41 of 2nd period - Stopped by Joni Ortio with a rebound.
8:16 of 2nd period - Snap shot by Sebastian Aho.
8:16 of 2nd period - Shot Blocked by Petr Straka.
8:34 of 2nd period - Minor Penalty to Charlie McAvoy for Interference.
8:35 of 2nd period - T.J. Tynan wins face-off versus Kyle Rau in Rampage zone.
9:50 of 2nd period - Jeffrey Foss is hit by Dylan Sikura and loses puck.
10:09 of 2nd period - Victor Olofsson is hit by Jordan Greenway and loses puck.
10:34 of 2nd period - Penalty to Charlie McAvoy is over, Charlie McAvoy is back on ice.
10:56 of 2nd period - Snap shot by Sebastian Aho.
10:56 of 2nd period - Stopped by Joni Ortio with a rebound.
11:00 of 2nd period - Wrist shot by Sebastian Aho.
11:00 of 2nd period - Shot Misses the Net.
11:02 of 2nd period - Wrist shot by Victor Olofsson.
11:02 of 2nd period - Shot Misses the Net.
11:06 of 2nd period - Snap shot by Sebastian Aho.
11:06 of 2nd period - Stopped by Joni Ortio with a rebound.
11:08 of 2nd period - Wrist shot by Victor Olofsson.
11:08 of 2nd period - Shot Blocked by Ethan Bear.
11:16 of 2nd period - Wrist shot by Sebastian Aho.
11:16 of 2nd period - Shot Misses the Net.
11:18 of 2nd period - Snap shot by Victor Olofsson.
11:18 of 2nd period - Shot Misses the Net.
11:20 of 2nd period - Slapshot by Joe Morrow.
11:20 of 2nd period - Shot Misses the Net.
11:27 of 2nd period - Wrist shot by Joe Morrow.
11:27 of 2nd period - Shot Misses the Net.
11:29 of 2nd period - Slapshot by Victor Olofsson.
11:29 of 2nd period - Stopped by Joni Ortio with a rebound.
11:33 of 2nd period - Wrist shot by Joe Morrow.
11:33 of 2nd period - Stopped by Joni Ortio with a rebound.
11:35 of 2nd period - Wrist shot by Sebastian Aho.
11:35 of 2nd period - Stopped by Joni Ortio without a rebound.
11:36 of 2nd period - Kyle Rau wins face-off versus Jean-Sebastien Dea in Rampage zone.
12:01 of 2nd period - T.J. Tynan is hit by Fredrik Olofsson and loses puck.
12:08 of 2nd period - Jake Evans is hit by Jordan Kyrou and loses puck.
12:21 of 2nd period - Jeff Petry is hit by Dominik Simon and loses puck.
12:28 of 2nd period - Jakub Zboril is hit by Steve Regier and loses puck.
13:45 of 2nd period - Jakub Zboril is hit by T.J. Tynan.
14:41 of 2nd period - Dylan Coghlan is hit by Nick Schmaltz and loses puck.
15:08 of 2nd period - Thomas Spelling is hit by Adam Clendening and loses puck.
15:19 of 2nd period - Eric Robinson is hit by Rourke Chartier and loses puck.
16:17 of 2nd period - Nick Schmaltz is hit by Lawson Crouse and loses puck.
16:32 of 2nd period - Fredrik Olofsson is hit by Adam Clendening.
16:36 of 2nd period - T.J. Tynan is hit by Jake Evans and loses puck.
16:53 of 2nd period - Snap shot by Petr Straka.
16:53 of 2nd period - Shot Blocked by Jeff Petry.
16:55 of 2nd period - Snap shot by Collin Miller.
16:55 of 2nd period - Deflect By Jeff Petry.
16:55 of 2nd period - Stopped by Laurent Brossoit without a rebound.
16:56 of 2nd period - Eric Robinson wins face-off versus Anthony Richard in Wolves zone.
17:27 of 2nd period - Wrist shot by Steve Regier.
17:27 of 2nd period - Stopped by Laurent Brossoit with a rebound.
17:51 of 2nd period - Slapshot by Thomas Spelling.
17:51 of 2nd period - Shot Misses the Net.
18:53 of 2nd period - Snap shot by Dylan Sikura.
18:53 of 2nd period - Stopped by Laurent Brossoit without a rebound.
18:54 of 2nd period - Kyle Rau wins face-off versus Anthony Richard in Wolves zone.
19:01 of 2nd period - Slapshot by Kyle Rau.
19:01 of 2nd period - Stopped by Joni Ortio with a rebound.
19:15 of 2nd period - Minor Penalty to Lawson Crouse for High sticking.
19:16 of 2nd period - Alexandre Grenier wins face-off versus Steve Regier in Wolves zone.
19:27 of 2nd period - Snap shot by Kyle Rau.
19:27 of 2nd period - Stopped by Joni Ortio without a rebound.
19:28 of 2nd period - Alexandre Grenier wins face-off versus Rourke Chartier in Rampage zone.
Goals for this period are 1 for Wolves vs 1 for Rampage.
Shots for this period are 15 for Wolves vs 7 for Rampage.
3rd period
0:01 of 3rd period - Steve Regier wins face-off versus Alexandre Grenier in neutral zone.
0:32 of 3rd period - Icing by Travis Sanheim.
0:33 of 3rd period - Sebastian Aho wins face-off versus Ryan Lomberg in Rampage zone.
0:34 of 3rd period - Slapshot by Anton Lindholm.
0:34 of 3rd period - Shot Blocked by Jean-Sebastien Dea.
1:15 of 3rd period - Penalty to Lawson Crouse is over, Lawson Crouse is back on ice.
1:16 of 3rd period - Slapshot by Jeff Petry.
1:16 of 3rd period - Stopped by Joni Ortio with a rebound.
2:49 of 3rd period - Jalen Chatfield is hit by Steve Regier and loses puck.
3:04 of 3rd period - Slapshot by Petr Straka.
3:04 of 3rd period - Deflect By Dominik Simon.
3:04 of 3rd period - Stopped by Laurent Brossoit without a rebound.
3:05 of 3rd period - Jean-Sebastien Dea wins face-off versus Sebastian Aho in Wolves zone.
3:08 of 3rd period - Slapshot by Petr Straka.
3:08 of 3rd period - Stopped by Laurent Brossoit with a rebound.
3:36 of 3rd period - Rourke Chartier is hit by Kyle Rau and loses puck.
4:08 of 3rd period - T.J. Tynan is hit by Thomas Spelling and loses puck.
4:25 of 3rd period - Snap shot by Jordan Greenway.
4:25 of 3rd period - Shot Misses the Net.
4:27 of 3rd period - Snap shot by Charlie McAvoy.
4:27 of 3rd period - Shot Misses the Net.
4:29 of 3rd period - Slapshot by Kevan Miller.
4:29 of 3rd period - Stopped by Laurent Brossoit without a rebound.
4:30 of 3rd period - Kyle Rau wins face-off versus Rourke Chartier in Wolves zone.
5:30 of 3rd period - Snap shot by T.J. Tynan.
5:30 of 3rd period - Shot Misses the Net.
5:32 of 3rd period - Snap shot by Collin Miller.
5:32 of 3rd period - Deflect By Ryan Lomberg.
5:32 of 3rd period - Shot Misses the Net.
5:32 of 3rd period - Puck is out of play.
5:33 of 3rd period - Kyle Rau wins face-off versus Rourke Chartier in Wolves zone.
5:33 of 3rd period - Kyle Rau is hit by Steve Regier.
5:39 of 3rd period - Slapshot by Jeffrey Foss.
5:39 of 3rd period - Shot Blocked by Kevan Miller.
5:41 of 3rd period - Snap shot by Lawson Crouse.
5:41 of 3rd period - Stopped by Joni Ortio without a rebound.
5:42 of 3rd period - Rourke Chartier wins face-off versus Kyle Rau in Rampage zone.
5:44 of 3rd period - Minor Penalty to Kevan Miller for Hooking.
5:45 of 3rd period - Kyle Rau wins face-off versus T.J. Tynan in Rampage zone.
7:44 of 3rd period - Penalty to Kevan Miller is over, Kevan Miller is back on ice.
8:05 of 3rd period - Slapshot by Dylan Sikura.
8:05 of 3rd period - Shot Blocked by Jakub Zboril.
8:07 of 3rd period - Backhand shot by Rourke Chartier.
8:07 of 3rd period - Shot Misses the Net.
8:09 of 3rd period - Snap shot by Rourke Chartier.
8:09 of 3rd period - Stopped by Laurent Brossoit without a rebound.
8:10 of 3rd period - T.J. Tynan wins face-off versus Jake Evans in Wolves zone.
8:57 of 3rd period - Wrist shot by Steve Regier.
8:57 of 3rd period - Goal by Steve Regier - Wolves : 1 - Rampage : 2.
8:58 of 3rd period - Kyle Rau wins face-off versus T.J. Tynan in neutral zone.
9:01 of 3rd period - Slapshot by Jeffrey Foss.
9:01 of 3rd period - Stopped by Joni Ortio without a rebound.
9:02 of 3rd period - Alexandre Grenier wins face-off versus T.J. Tynan in Rampage zone.
9:03 of 3rd period - Snap shot by Kyle Rau.
9:03 of 3rd period - Shot Misses the Net.
9:05 of 3rd period - Wrist shot by Alexandre Grenier.
9:05 of 3rd period - Goal by Alexandre Grenier - Wolves : 2 - Rampage : 2.
9:06 of 3rd period - Kyle Rau wins face-off versus Rourke Chartier in neutral zone.
9:47 of 3rd period - Jeffrey Foss is hit by Steve Regier.
9:51 of 3rd period - Slapshot by Travis Sanheim.
9:51 of 3rd period - Stopped by Laurent Brossoit with a rebound.
9:55 of 3rd period - Snap shot by Nick Schmaltz.
9:55 of 3rd period - Stopped by Laurent Brossoit with a rebound.
10:15 of 3rd period - Wrist shot by Alexandre Grenier.
10:15 of 3rd period - Stopped by Joni Ortio with a rebound.
10:26 of 3rd period - Minor Penalty to Jeffrey Foss for Interference.
10:27 of 3rd period - Jean-Sebastien Dea wins face-off versus Kevin Stenlund in Wolves zone.
11:08 of 3rd period - Eric Robinson is hit by Ryan Lomberg and loses puck.
11:34 of 3rd period - Jeff Petry is hit by Jean-Sebastien Dea and loses puck.
11:49 of 3rd period - Jeff Petry is hit by Kevan Miller and loses puck.
12:26 of 3rd period - Penalty to Jeffrey Foss is over, Jeffrey Foss is back on ice.
12:26 of 3rd period - Wrist shot by Petr Straka.
12:26 of 3rd period - Stopped by Laurent Brossoit without a rebound.
12:27 of 3rd period - Antti Suomela wins face-off versus Steve Regier in Wolves zone.
13:16 of 3rd period - Rourke Chartier is hit by Jakub Zboril and loses puck.
13:23 of 3rd period - Slapshot by Thomas Spelling.
13:23 of 3rd period - Stopped by Joni Ortio without a rebound.
13:24 of 3rd period - Anthony Richard wins face-off versus Lawson Crouse in Rampage zone.
13:24 of 3rd period - Anthony Richard is hit by Kyle Rau.
13:46 of 3rd period - Minor Penalty to Lawson Crouse for Tripping.
13:47 of 3rd period - Rourke Chartier wins face-off versus Alexandre Grenier in Wolves zone.
15:16 of 3rd period - Jeff Petry is hit by Ethan Bear and loses puck.
15:46 of 3rd period - Penalty to Lawson Crouse is over, Lawson Crouse is back on ice.
15:55 of 3rd period - Jalen Chatfield is hit by Jordan Kyrou and loses puck.
16:29 of 3rd period - Kyle Rau is hit by Jordan Greenway and loses puck.
17:14 of 3rd period - Minor Penalty to Wade Allison for Hooking.
17:15 of 3rd period - Rourke Chartier wins face-off versus Alexandre Grenier in Wolves zone.
17:26 of 3rd period - Snap shot by Steve Regier.
17:26 of 3rd period - Stopped by Laurent Brossoit without a rebound.
17:27 of 3rd period - Alexandre Grenier wins face-off versus Rourke Chartier in Wolves zone.
17:58 of 3rd period - Slapshot by Collin Miller.
17:58 of 3rd period - Stopped by Laurent Brossoit with a rebound.
18:00 of 3rd period - Wrist shot by Petr Straka.
18:00 of 3rd period - Shot Misses the Net.
18:02 of 3rd period - Slapshot by Kevan Miller.
18:02 of 3rd period - Shot Misses the Net.
19:14 of 3rd period - Penalty to Wade Allison is over, Wade Allison is back on ice.
19:16 of 3rd period - Wade Allison is hit by Travis Sanheim and loses puck.
19:49 of 3rd period - Collin Miller is hit by Lawson Crouse and loses puck.
Goals for this period are 1 for Wolves vs 1 for Rampage.
Shots for this period are 6 for Wolves vs 10 for Rampage.
Overtime #1
0:01 of 1st overtime period - Victor Olofsson wins face-off versus Steve Regier in neutral zone.
0:26 of 1st overtime period - Ethan Bear is hit by Jake Evans and loses puck.
1:05 of 1st overtime period - Snap shot by Kyle Rau.
1:05 of 1st overtime period - Shot Blocked by Adam Clendening.
1:16 of 1st overtime period - Minor Penalty to Jalen Chatfield for Tripping.
1:17 of 1st overtime period - Alexandre Grenier wins face-off versus Rourke Chartier in Wolves zone.
2:03 of 1st overtime period - Wrist shot by Rourke Chartier.
2:03 of 1st overtime period - Stopped by Laurent Brossoit without a rebound.
2:04 of 1st overtime period - Rourke Chartier wins face-off versus Sebastian Aho in Wolves zone.
2:15 of 1st overtime period - Snap shot by Steve Regier.
2:15 of 1st overtime period - Shot Blocked by Anton Lindholm.
2:17 of 1st overtime period - Slapshot by Collin Miller.
2:17 of 1st overtime period - Deflect By Lawson Crouse.
2:17 of 1st overtime period - Stopped by Laurent Brossoit with a rebound.
2:29 of 1st overtime period - Wrist shot by Kyle Rau.
2:29 of 1st overtime period - Stopped by Joni Ortio with a rebound.
3:16 of 1st overtime period - Penalty to Jalen Chatfield is over, Jalen Chatfield is back on ice.
3:33 of 1st overtime period - Wrist shot by Jake Evans.
3:33 of 1st overtime period - Stopped by Joni Ortio with a rebound.
3:35 of 1st overtime period - Wrist shot by Jake Evans.
3:35 of 1st overtime period - Deflect By Thomas Spelling.
3:35 of 1st overtime period - Goal by Thomas Spelling - Wolves : 3 - Rampage : 2.
Goals for this period are 1 for Wolves vs 0 for Rampage.
Shots for this period are 3 for Wolves vs 2 for Rampage.